 Dungeon Crawl Stone Soup version 0.21-a0-84-g85d6d27 (webtiles) character file.

182 Lianjan the Archer (level 5, 0/45 HPs)
             Began as a Centaur Hunter on June 25, 2017.
             Killed by nerve-wracking pain
             ... invoked by Grinder
              (9 damage)
             ... on level 3 of the Dungeon.
             The game lasted 00:07:48 (2527 turns).

Lianjan the Archer (Centaur Hunter)                 Turns: 2527, Time: 00:07:48

Health: 0/45       AC:  4    Str: 14    XL:     5   Next: 35%
Magic:  5/5        EV:  9    Int: 10    God:
Gold:   138        SH:  0    Dex: 11    Spells: 4/4 levels left

rFire    . . .     SeeInvis .   a - +1 shortbow
rCold    . . .     Gourm    .   (shield currently unavailable)
rNeg     . . .     Faith    .   c - +0 leather armour
rPois    .         Spirit   .   (no helmet)
rElec    .         Reflect  .   (no cloak)
rCorr    .         Harm     .   (no gloves)
MR       .....                  (no barding)
Stlth    +.........             (no amulet)
HPRegen  0.15/turn              (no ring)
MPRegen  0.09/turn              (no ring)

@: very quick
A: hooves 3, deformed body, speed 2, tough skin 3
a: no special abilities


You were on level 3 of the Dungeon.
You were not hungry.

You visited 1 branch of the dungeon, and saw 3 of its levels.

You collected 138 gold pieces.

Inventory:

Hand Weapons
 a - a +1 shortbow (weapon)
 b - a +0 short sword
 x - a +2 whip of electrocution
Missiles
 d - 69 arrows (quivered)
Armour
 c - a +0 leather armour (worn)
Jewellery
 n - a cursed amulet of inaccuracy {unknown}
Scrolls
 g - a scroll of magic mapping {unknown}
 h - 2 scrolls of teleportation {unknown}
 i - 2 scrolls of remove curse {unknown}
 l - 3 scrolls of amnesia {unknown}
 o - 3 scrolls of identify {unknown}
 p - a scroll of fear {unknown}
 q - a scroll of enchant armour {unknown}
 w - a scroll of noise {unknown}
Potions
 e - a potion of might {unknown}
 j - a potion of haste {unknown}
 k - a potion of invisibility {unknown}
 s - 2 potions of curing {unknown}
 t - a potion of degeneration {unknown}
 u - 2 potions of magic {unknown}
Comestibles
 f - 4 bread rations
 m - 5 chunks of flesh
 r - a royal jelly
 v - a meat ration


   Skills:
 + Level 3.4 Fighting
 * Level 8.0 Bows
 - Level 1.3 Dodging
 - Level 0.4 Stealth


You had 4 spell levels left.
You didn't know any spells.

Dungeon Overview and Level Annotations

Branches:
Dungeon (3/15)

Altars:
Elyvilon
Kikubaaqudgha
Trog

Annotations:
D:3 Grinder


Innate Abilities, Weirdness & Mutations

You have hooves in place of feet.
Armour fits poorly on your strangely shaped body.
You cover ground very quickly.
You have extremely tough skin. (AC +3)


Message History

Grinder hits you but does no damage.
You can move again.
There is a stone staircase leading up here.
You are too injured to fight recklessly!
Firing (i - inventory):
d - 71 arrows (quivered)
Press: ? - help, Shift-Dir - straight line, f/p - Grinder
Aim: Grinder (heavily wounded)
You shoot an arrow. The arrow hits Grinder!
Grinder is severely wounded.
Grinder gestures at you.
You barely resist.
Grinder says, "You look like you could use a good racking."
Firing (i - inventory):
d - 70 arrows (quivered)
Press: ? - help, Shift-Dir - straight line, f/p - Grinder
Aim: Grinder (severely wounded)
You shoot an arrow. The arrow hits Grinder.
Grinder is severely wounded.
Grinder gestures at you. Pain shoots through your body!
You die...

....... ######.....#### #...
....# .### #....#..# #... ....#
..(###.#..##.### ###...
....#####...........).# #.....
......##.(......#.....# #..###
..(.............#.....######..#
.(.(#.........................##
.............[..#.....####.....##
###..........(5.@##...##.........
##................##.............
....#.........))#.##...##..^.....
.##.#(......................##..#
....###.#...(..............####..
..### #.#..............#.........
#######.###.....##.#.............
# #....###.##......#............
# #....##<.#####................


You could see Grinder.

Vanquished Creatures
  The ghost of Parsimony the Conjurer, an amateur DrCj (D:3)
  4 adders (D:2)
  2 worms (D:2)
  A leopard gecko (D:2)
  3 orcs (D:3)
  2 giant cockroaches
  7 goblins
  7 hobgoblins
  3 jackals (D:2)
  3 ball pythons
  6 bats
  2 frilled lizards
  8 kobolds
  6 rats
55 creatures vanquished.

Notes
Turn   | Place    | Note
-------+----------+-------------------------------------------
     0 | D:1      | Lianjan the Centaur Hunter began the quest for the Orb.
     0 | D:1      | Reached XP level 1. HP: 17/17 MP: 1/1
   296 | D:1      | Reached XP level 2. HP: 9/24 MP: 2/2
   535 | D:1      | Reached skill level 6 in Bows
  1074 | D:2      | Reached XP level 3. HP: 27/29 MP: 3/3
  1156 | D:2      | Found a white marble altar of Elyvilon.
  1480 | D:2      | Reached XP level 4. HP: 31/37 MP: 4/4
  1651 | D:2      | Reached skill level 7 in Bows
  1991 | D:3      | Noticed Parsimony's ghost (amateur DrCj)
  2014 | D:3      | Killed Parsimony's ghost
  2014 | D:3      | Reached XP level 5. HP: 20/45 MP: 5/5
  2320 | D:3      | Reached skill level 8 in Bows
  2368 | D:3      | Found an ancient bone altar of Kikubaaqudgha.
  2377 | D:3      | Found a bloodstained altar of Trog.
  2483 | D:3      | Noticed Grinder
  2492 | D:3      | Paralysed by Grinder for 5 turns
  2518 | D:3      | Paralysed by Grinder for 4 turns
  2527 | D:3      | Killed from afar by Grinder

Vault maps used:
D:1:      noname_arrival_rooms_in_the_neighbourhood
D:2:      lemuel_round_altar, first_bread, st_stairs_13
D:3:      cheibrodos_greedy_goblins, amethyst_overflow_temple_binary,
          uniq_grinder

Skill      XL: |  1  2  3  4  5 |
---------------+----------------+-----
Bows           | 6 7 8 |  8.0
Fighting       | 3 |  3.4
Dodging        | |  1.3
Stealth        | |  0.4

Action                   |  1- 3 |  4- 6 || total
-------------------------+-------+-------++-------
Melee: Short sword       |   108 |    55 ||   163
       Kick              |    11 |    13 ||    24
 Fire: Shortbow          |    10 |    31 ||    41
  Eat: Chunk             |     1 |     3 ||     4
Armor: Leather armour    |    36 |    30 ||    66
Dodge: Dodged            |    61 |    38 ||    99
